Description

Agressive start with pool first vs protoss

Replay - 2019-11-03 - (P)Protossed VS (Z)Gredu

Build Order

Get SALT Encoding   

  12  0:00  Drone  
  13  0:14  Extractor  
  12  0:23  Spawning Pool  
  12  0:27  Drone x2  
  13  0:37  Drone  
  14  0:49  Overlord  
  14  1:10  Zergling x6  
  16  1:14  Metabolic Boost  
  17  1:21  Zergling x2  
  18  1:32  Zergling x2  
  19  1:42  Zergling x2  
  20  1:55  Zergling x2  
  21  2:03  Hatchery  
  20  2:13  Zergling x2  
  21  2:19  Overlord  
  21  2:20  Queen  
  21  2:32  Zergling x2  
  20  2:45  Zergling x2  
  19  3:08  Drone  
  20  3:16  Queen x2, Drone x2  
  26  3:30  Drone x2  
  27  3:55  Drone  
  35  4:20  Hatchery  
  36  4:27  Overlord  
  36  4:38  Extractor, Lair  
Spawning Tool Build Advisor. Get it on Overwolf

Go to:

Details

  • Created by: xenlee
  • Published on: Dec 16, 2019
  • Modified on: Dec 16, 2019
  • Patch: 4.11.0
Show
View Real Time Build Order
Export as new Build Order

Comments (0)

There are no comments. Be the first!

Create an account to comment!